 Dungeon Crawl Stone Soup version 0.29-a0-878-g7b45a56547 (console) character file.

Game seed: 13224252545878600432

37677 CannotBeFrozen the Basher (level 14, -6/116 HPs)
             Began as a Human Fighter on July 19, 2022.
             Was a High Priest of Ashenzari.
             Mangled by a salamander
             ... wielding a +0 halberd
              (15 damage)
             ... in a volcano on July 20, 2022.
             The game lasted 01:24:40 (22828 turns).

CannotBeFrozen the Basher (Human Fighter)          Turns: 22828, Time: 01:24:40

Health: -6/116     AC: 21    Str: 21    XL:     14   Next: 30%
Magic:  21/21      EV: 11    Int:  9    God:    Ashenzari [*****.]
Gold:   1097       SH: 14    Dex: 13    Spells: 23/23 levels left

rFire   . . .      SeeInvis +   a - +0 morningstar {Elem, Fort} (curse)
rCold   . . .      Faith    .   y - +2 buckler of the Eternal Oblivion {Melee, Comp} (curse)
rNeg    . . .      Spirit   .   c - +0 plate armour "At What Cost Knowledge?" {Self, Comp} (curse)
rPois   +          Reflect  +   J - +2 hat of the Bound Activism {Will+, Melee, Fort} (curse)
rElec   .          Harm     .   B - +0 cloak of Ashenzari's Comet {Self, Alch} (curse)
rCorr   .          Rampage  .   o - +0 pair of gloves of Ouranomancy {Melee, Bglg} (curse)
Will    ++...      Clarity  +   (no boots)
Stlth   ..........              H - amulet of Supernal Gnosis {Reflect Slay+2 SH+5, Alch, Evo} (curse)
HPRegen 0.29/turn               m - ring "Sibylline Morality" {rPois, Elem, Evo} (curse)
MPRegen 0.17/turn               s - ring "Ensconced With Me" {Slay+4, Melee, Comp} (curse)

@: hasted, very quick
A: no striking features
a: Renounce Religion, Curse Item, Shatter the Chains


You were in a volcano.
You worshipped Ashenzari.
Ashenzari was extremely pleased with you.
You visited 3 branches of the dungeon, and saw 17 of its levels.
You also visited: Sewer, Gauntlet and Volcano.

You collected 1097 gold pieces.

Inventory:

Hand Weapons
 a - the cursed +0 morningstar "Chained With Me" (weapon) {Elem, Fort}
   (You took it off an orc on level 10 of the Dungeon)

   It has a curse which improves the following skills: Elements: Fire Magic, Ice
   Magic, Air Magic and Earth Magic.
   Fortitude: Armour and Shields.
 b - a +2 whip of venom
Missiles
 j - 16 curare-tipped darts {=f=F}
 u - 22 poisoned darts (quivered)
 x - 7 atropa-tipped darts {=f=F}
 L - 3 boomerangs of dispersal {=f=F}
 M - 4 javelins
Armour
 c - the cursed +0 plate armour "At What Cost Knowledge?" (worn) {Self, Comp}
   (You took it off an orc warrior on level 6 of the Dungeon)

   It has a curse which improves the following skills: Introspection: Fighting
   and Spellcasting.
   Companions: Summonings and Necromancy.
 o - the cursed +0 pair of gloves of Ouranomancy (worn) {Melee, Bglg}
   (You found it on level 4 of the Dungeon)

   It has a curse which improves the following skills: Melee Combat: Short
   Blades, Long Blades, Axes, Maces & Flails, Polearms, Staves and Unarmed
   Combat.
   Beguiling: Conjurations, Hexes and Translocations.
 y - the cursed +2 buckler of the Eternal Oblivion (worn) {Melee, Comp}
   (You found it on level 5 of the Dungeon)

   It has a curse which improves the following skills: Melee Combat: Short
   Blades, Long Blades, Axes, Maces & Flails, Polearms, Staves and Unarmed
   Combat.
   Companions: Summonings and Necromancy.
 B - the cursed +0 cloak of Ashenzari's Comet (worn) {Self, Alch}
   (You found it on level 6 of the Dungeon)

   It has a curse which improves the following skills: Introspection: Fighting
   and Spellcasting.
   Alchemy:   Poison Magic and Transmutations.
 J - the cursed +2 hat of the Bound Activism (worn) {Will+, Melee, Fort}
   (You found it in a Gauntlet)

   It has a curse which improves the following skills: Melee Combat: Short
   Blades, Long Blades, Axes, Maces & Flails, Polearms, Staves and Unarmed
   Combat.
   Fortitude: Armour and Shields.
Jewellery
 h - a ring of protection from cold
 m - the cursed ring "Sibylline Morality" (left hand) {rPois, Elem, Evo}
   (You found it on level 1 of the Dungeon)

   [ring of poison resistance]

   rPois:     It protects you from poison.
   It has a curse which improves the following skills: Elements: Fire Magic, Ice
   Magic, Air Magic and Earth Magic.
   Evocations: Evocations.
 n - a ring of willpower
 s - the cursed ring "Ensconced With Me" (right hand) {Slay+4, Melee, Comp}
   (You found it on level 6 of the Dungeon)

   [ring of slaying]

   Slay:      It affects your accuracy & damage with ranged weapons and melee
   (+4).
   It has a curse which improves the following skills: Melee Combat: Short
   Blades, Long Blades, Axes, Maces & Flails, Polearms, Staves and Unarmed
   Combat.
   Companions: Summonings and Necromancy.
 H - the cursed amulet of Supernal Gnosis (around neck) {Reflect Slay+2 SH+5, Alch, Evo}
   (You took it off an orc on level 11 of the Dungeon)

   [amulet of reflection]

   It reflects blocked missile attacks.
   Slay:      It affects your accuracy & damage with ranged weapons and melee
   (+2).
   SH:        It affects your SH (+5).
   It has a curse which improves the following skills: Alchemy: Poison Magic and
   Transmutations.
   Evocations: Evocations.
 T - the ring of the Mage {Wiz Archmagi}
   (You found it on level 1 of the Lair of Beasts)

   [ring of wizardry]

   It improves your spell success rate.
   Archmagi:  It increases the power of your magical spells.
 Y - a ring of resist corrosion
Wands
 C - a wand of digging (7)
 F - a wand of mindburst (9)
 G - a wand of polymorph (7)
 O - a wand of iceblast (4)
 P - a wand of paralysis (5)
Scrolls
 p - 8 scrolls of teleportation {@r2}
 v - 4 scrolls of poison
 D - a scroll of fear
 E - a scroll of silence
 K - 2 scrolls of fog
 Q - 2 scrolls of vulnerability
 X - 2 scrolls of blinking
 Z - a scroll of summoning
Potions
 d - 3 potions of might
 e - 5 potions of lignification
 g - a potion of cancellation
 k - 10 potions of curing {@q1}
 l - 3 potions of invisibility
 q - 2 potions of haste
 r - 2 potions of heal wounds {@q2}
 t - 4 potions of attraction
 z - 2 potions of ambrosia
Miscellaneous
 N - a phial of floods
 R - a box of beasts
 S - a lightning rod (4/4)


   Skills:
 - Level 9.1(12.6) Fighting
 - Level 14.0(19.5) Maces & Flails
 - Level 10.0(13.4) Armour
 - Level 12.5 Dodging
 - Level 10.0(13.4) Shields
 + Level 2.5(5.2) Spellcasting
 + Level 6.0(9.4) Evocations


You had 23 spell levels left.
You didn't know any spells.
Your spell library contained the following spells:

 Spells                   Type           Power      Damage    Failure   Level
 Foxfire                  Conj/Fire      12%        2x1d4     95%         1
 Freeze                   Ice            12%        1d4       95%         1
 Ensorcelled Hibernation  Hex/Ice        6%         N/A       99%         2
 Poisonous Vapours        Pois/Air       6%         N/A       99%         2
 Conjure Flame            Conj/Fire      3%         6-21      100%        3
 Frozen Ramparts          Ice            6%         1d2       100%        3
 Ignite Poison            Fire/Tmut/Pois 3%         N/A       100%        3
 Inner Flame              Hex/Fire       3%         N/A       100%        3
 Mephitic Cloud           Conj/Pois/Air  3%         N/A       100%        3
 Ozocubu's Armour         Ice            3%         N/A       100%        3
 Spider Form              Tmut/Pois      3%         N/A       100%        3
 Anguish                  Hex/Necr       1%         N/A       100%        4
 Corpse Rot               Necr/Pois/Air  3%         N/A       100%        4
 Flame Wave               Conj/Fire      3%         2d4       100%        4
 Hailstorm                Conj/Ice       3%         3d3       100%        4
 Olgreb's Toxic Radiance  Pois           3%         N/A       100%        4
 Sticky Flame             Conj/Fire      3%         2d3       100%        4
 Freezing Cloud           Conj/Ice/Air   1%         6-21      100%        5
 Metabolic Englaciation   Hex/Ice        1%         N/A       100%        5
 Simulacrum               Ice/Necr       1%         N/A       100%        6
 Ozocubu's Refrigeration  Ice            1%         4d5       100%        7
 Ignition                 Fire           1%         3d3       100%        8


Dungeon Overview and Level Annotations

Branches:
Dungeon (12/15)            Temple (1/1) D:7            Lair (4/5) D:8
 Shoals (0/4) Lair:3        Snake (0/4) Lair:2          Orc (0/2) D:12
  Sewer (visited)         Volcano (1/1)             Gauntlet (visited)
  Slime: Lair:4-5

Altars:
Ashenzari
Cheibriados
Dithmenos
Elyvilon
Fedhas
Gozag
Hepliaklqana
Kikubaaqudgha
Makhleb
Nemelex Xobeh
Okawaru
Qazlal
Ru
Sif Muna
Trog
Uskayaw
Vehumet
Wu Jian
Xom
Yredelemnul
Zin
The Shining One

Annotations:
Lair:3 exclusion: 4 oklob plants


Message History

You block the salamander mystic's attack.
HP: 28/116 (-17) ==---------- !
You hit the salamander mystic.
The salamander mystic is almost dead.
The salamander hits you but does no damage.
The salamander mystic hits you with a +0 quarterstaff.
* * * LOW HITPOINT WARNING * * *
You are engulfed in flames!!
* * * LOW HITPOINT WARNING * * *
HP: 7/116 (-21) ------------ !
You feel much better. The salamander barely misses you.
The salamander mystic hits you with a +0 quarterstaff.
* * * LOW HITPOINT WARNING * * *
You are engulfed in flames!
* * * LOW HITPOINT WARNING * * *
You block the salamander's attack.
You feel yourself speed up.
The salamander hits you but does no damage.
The salamander mystic hits you but does no damage.
You impale the salamander mystic!!
You kill the salamander mystic!
The salamander hits you but does no damage.
Your base Evocations skill increases to level 6!
Press: ? - help, v - describe, . - travel
Here: a salamander, wielding a +0 halberd (lightly wounded, fast)
The floor.
The salamander hits you but does no damage.
The salamander hits you with a +0 spear.
* * * LOW HITPOINT WARNING * * *
You are engulfed in flames!
* * * LOW HITPOINT WARNING * * *
Things that are here:
a +0 quarterstaff; a +0 robe HP: 11/116 (-14) =----------- !
You hit the salamander.
The salamander is heavily wounded.
The salamander hits you from afar with a +0 halberd.
* * * LOW HITPOINT WARNING * * *
You are engulfed in flames!
You die...

......≈≈≈§§≈≈≈≈≈≈≈≈≈≈≈≈§§§§.≈≈≈°≈§§≈.≈≈§≈≈≈§≈§§≈§§..§....
....≈§≈≈≈≈≈≈§≈≈≈≈≈≈§...§.§....°°.....§≈≈§§§§≈≈§≈≈§§≈≈....
....≈§≈≈≈§≈≈≈≈≈≈≈≈§§#################.§§§≈≈§≈≈§≈≈≈≈≈§....
...≈§§≈§§§≈≈≈≈≈≈≈§≈.#....+.....+....#.≈§≈≈§§≈ §§§≈≈§.....
....§§≈≈§§≈§≈≈≈≈§§≈.#.∩p.#.8_8.#.N∩.#.§§§§≈≈≈≈§§§≈§≈§....
....≈≈§≈§≈≈ §≈≈≈§≈≈.#..,,#..((.#, ..#..≈§≈≈§§ §≈§§≈≈§.§..
....≈≈≈≈≈≈≈≈≈≈§≈§§§.###++###'###++###.§§≈≈≈≈≈ §§§§≈≈≈....
....≈≈§§§§§≈≈≈≈≈≈≈≈.#......#)#......#.≈≈≈≈≈≈≈ §§≈≈§≈≈≈...
...≈≈≈§≈≈≈§≈≈≈§≈≈≈..######.#N#.######.§≈≈≈≈§≈ §§≈§≈≈§....
...≈≈≈§§≈≈§≈≈§≈§≈≈≈.#.$∆∆#.#N#.#∆∆$.#..≈≈≈§§§≈≈§≈§≈≈.....
...≈≈§§§§§ §§§§≈≈..#.$∆∆#.#@#.#∆∆$.#.≈≈§≈≈≈≈§≈≈§≈§≈.....
..§.§§§§§≈ ≈≈§§≈≈≈§.#.9))#.#.#.#)[9.#.≈≈§§≈≈§§≈≈§§§......
...§§§§§≈≈§≈≈§§≈≈≈§.#......#.#......#.≈≈≈≈≈§≈≈§≈§≈§......
...§§≈≈≈§§§§§§§≈≈≈§.########'########.≈§≈≈≈≈≈≈≈≈§≈≈§≈....
.....≈≈§§≈≈≈§§§≈≈≈.§...§...§..........≈≈≈≈≈≈§§§§§≈§≈§....
.....§§§§≈≈§≈§§≈≈§§§≈.≈≈≈≈§§≈≈§≈≈≈≈≈§≈≈§§≈≈≈≈§≈≈≈≈§≈§§..#
.....≈§≈§≈§≈§≈§≈§≈§≈≈≈≈≈≈§§§§§§≈≈≈≈≈≈≈§§≈≈≈≈§§§§≈≈.....∩.
...≈≈≈≈≈≈≈≈§≈≈§§≈≈≈≈≈≈§§≈§≈§§≈≈≈≈§≈≈≈≈≈≈≈≈§§§≈≈§≈.....###
....§≈§≈§≈≈≈≈≈§§≈≈≈≈§≈≈§≈§§≈§§§≈≈≈≈≈≈§§§≈≈≈§≈§§.........#
....§≈§§≈≈§§≈≈≈≈≈≈≈≈≈§§.§≈≈≈≈≈≈≈§§§≈≈≈§≈≈≈≈.§.........###
##......≈≈§≈≈§≈§§≈≈§≈§...≈.≈≈≈§§§≈≈≈§≈§≈≈≈.........####


You could see 2 salamanders.

Vanquished Creatures
  A minotaur (Gauntlet)
  2 hydras
  Fannar (Lair:1)
  A centaur warrior (D:7)
  2 boulder beetles
  Erica (D:8)
  A two-headed ogre (D:8)
  A death yak (Lair:1)
  Sonja (Lair:3)
  The ghost of Smoky173 the Fighter, a novice GrEE of Yredelemnul (Lair:1)
  A deep elf knight (D:12)
  A salamander mystic (Volcano)
  The ghost of anet the Digger, a novice GrCj of Ashenzari (D:7)
  Pikel (D:5)
  3 deep elf zephyrmancers (D:12)
  2 manticores
  A salamander (Volcano)
  12 elephants
  2 moths of wrath
  A merfolk siren (Lair:3)
  6 black mambas
  Maggie (D:6)
  Psyche (D:8)
  A rime drake (Lair:1)
  5 cane toads
  2 minotaur zombies (Gauntlet)
  A kobold demonologist (D:8)
  The ghost of passerby the Trooper, an amateur OgBe of Trog (D:3)
  4 komodo dragons
  A hornet (D:9)
  2 trolls
  Prince Ribbit (D:5)
  3 blink frogs (Lair:2)
  2 dream sheep (D:11)
  6 flying skulls (Gauntlet)
  A shadow (D:11)
  2 wraiths
  10 yaks
  3 steam dragons (D:7)
  Eustachio (D:5)
  2 fire bats (Volcano)
  3 vampire mosquitoes (D:10)
  3 basilisks
  3 wyverns
  A redback (Gauntlet)
  16 water moccasins
  Edmund (D:6)
  2 acid dragons
  8 orc warriors
  An ice beast (D:6)
  A sky beast (D:7)
  An ogre (D:9)
  6 centaurs
  8 wolves
  A phantom (D:7)
  3 lemures (D:5)
  5 kobold brigands
  5 bullfrogs
  4 scorpions
  3 necrophages
  7 wights
  6 killer bees
  3 electric eels
  6 howler monkeys
  4 lava snakes (Volcano)
  Crazy Yiuf (D:5)
  9 hounds
  15 orc priests
  Ijyb (D:5)
  2 iguanas (D:5)
  6 hell rats
  15 orc wizards
  3 adders
  4 gnolls (D:7)
  3 river rats (Sewer)
  3 shadow imps (D:8)
  4 white imps
  2 ufetubi
  3 worms (D:4)
  56 orcs
  4 endoplasms
  A giant cockroach (D:2)
  6 hobgoblins
  3 quokkas
  5 ball pythons
  6 bats
  6 goblins
  9 kobolds
  8 rats
369 creatures vanquished.

Vanquished Creatures (others)
  A manticore (D:11)
  An ufetubus (D:6)
  11 fungi
  17 plants
30 creatures vanquished.

Grand Total: 399 creatures vanquished

Notes
Turn   | Place    | Note
-------+----------+-------------------------------------------
     0 | D:1      | CannotBeFrozen the Human Fighter began the quest for the
                  | Orb.
     0 | D:1      | Reached XP level 1. HP: 18/18 MP: 1/1
   345 | D:1      | Reached XP level 2. HP: 24/24 MP: 2/2
   865 | D:2      | Reached skill level 3 in Maces & Flails
  1010 | D:2      | Reached XP level 3. HP: 20/29 MP: 3/3
  1238 | D:2      | Found a faded altar of an unknown god.
  2059 | D:3      | Found a large runed translucent door.
  2059 | D:3      | Found a large runed translucent door.
  2061 | D:3      | Noticed passerby's ghost (amateur OgBe)
  2178 | D:3      | Found a blossoming altar of Fedhas.
  2203 | D:3      | Got the Secrets of Venom
  2793 | D:4      | Reached skill level 4 in Maces & Flails
  2793 | D:4      | Reached XP level 4. HP: 30/35 MP: 4/4
  2819 | D:4      | Upgraded the game from 0.29-a0-872-g797fff5ad1 to
                  | 0.29-a0-878-g7b45a56547
  2866 | D:4      | Reached XP level 5. HP: 35/41 MP: 5/5
  2905 | D:4      | Reached skill level 5 in Maces & Flails
  2939 | D:4      | Found a glowing drain.
  2967 | Sewer    | Entered a sewer
  2982 | Sewer    | Reached XP level 6. HP: 26/47 MP: 6/6
  3257 | Sewer    | Reached skill level 6 in Maces & Flails
  3791 | D:4      | Found a broken altar of Ashenzari.
  3851 | D:4      | Became a worshipper of Ashenzari the Shackled
  3881 | D:4      | Found an opulent altar of Gozag.
  3999 | D:4      | Found a shimmering blue altar of Sif Muna.
  4210 | D:5      | Entered Level 5 of the Dungeon
  4231 | D:5      | Reached XP level 7. HP: 49/52 MP: 7/7
  4329 | D:5      | Reached skill level 7 in Maces & Flails
  4394 | D:5      | Noticed Ijyb
  4405 | D:5      | Paralysed by Ijyb for 5 turns
  4411 | D:5      | Killed Ijyb
  4572 | D:5      | Noticed Prince Ribbit
  4598 | D:5      | Killed Prince Ribbit
  4599 | D:5      | Reached skill level 8 in Maces & Flails
  4599 | D:5      | Reached XP level 8. HP: 21/58 MP: 8/8
  4918 | D:5      | Reached skill level 9 in Maces & Flails
  4977 | D:5      | Noticed Pikel
  5163 | D:5      | Killed Pikel
  5164 | D:5      | Reached skill level 10 in Maces & Flails
  5286 | D:5      | Reached XP level 9. HP: 47/63 MP: 9/9
  5421 | D:5      | Found a runed translucent door.
  5422 | D:5      | Noticed Crazy Yiuf
  5567 | D:5      | Noticed Eustachio
  5673 | D:5      | Killed Eustachio
  5674 | D:5      | Reached skill level 11 in Maces & Flails
  6121 | D:6      | Noticed Edmund
  6145 | D:6      | Killed Edmund
  6146 | D:6      | Reached skill level 1 in Dodging
  6437 | D:6      | Reached * piety under Ashenzari
  6471 | D:6      | Reached skill level 12 in Maces & Flails
  6674 | D:6      | Noticed Maggie
  6698 | D:6      | Killed Maggie
  6984 | D:6      | Reached skill level 5 in Dodging
  7337 | D:6      | Reached XP level 10. HP: 60/68 MP: 10/10
  7502 | D:6      | Found a burning altar of Makhleb.
  7950 | D:7      | Reached ** piety under Ashenzari
  7996 | D:7      | Found a staircase to the Ecumenical Temple.
  8093 | D:7      | Found a transporter.
  8094 | D:7      | Noticed a centaur warrior
  8095 | D:7      | Noticed anet's ghost (novice GrCj)
  8107 | D:7      | Found a transporter.
  8645 | Temple   | Entered the Ecumenical Temple
  9054 | D:8      | Found a staircase to the Lair.
  9054 | D:8      | Noticed an elephant
  9111 | D:8      | Killed an elephant
  9290 | D:8      | Noticed Erica
  9306 | D:8      | Killed Erica
  9307 | D:8      | Reached skill level 5 in Fighting
  9307 | D:8      | Reached skill level 5 in Armour
  9307 | D:8      | Reached skill level 5 in Shields
  9438 | D:8      | Identified the +6 short sword of Fyocanint {spect, +Blink
                  | rPois Str+4 Dex-2}
  9667 | D:8      | Noticed Psyche
  9677 | D:8      | Reached XP level 11. HP: 78/81 MP: 11/11
  9685 | D:8      | Killed Psyche
  9745 | D:8      | Found a transporter.
  9775 | D:8      | Found a transporter.
 10169 | D:9      | Reached *** piety under Ashenzari
 10612 | D:9      | Identified the +10 falchion "Binet" {protect, Str+6}
 11297 | D:9      | Noticed a two-headed ogre
 11344 | D:8      | Killed a two-headed ogre
 11687 | D:9      | Found a glowing golden altar of the Shining One.
 11722 | D:9      | Found an ornate altar of the Wu Jian Council.
 11722 | D:9      | Found an ancient bone altar of Kikubaaqudgha.
 11966 | D:10     | Entered Level 10 of the Dungeon
 12248 | D:10     | Reached **** piety under Ashenzari
 13211 | D:11     | Reached skill level 10 in Dodging
 13249 | D:11     | Found a gate leading to a gauntlet.
 13253 | D:11     | Noticed a manticore
 13264 | D:11     | Killed a manticore
 13314 | D:11     | Identified the amulet "Ysmalil" {Reflect Slay+2 SH+5}
 13339 | Gauntlet | Entered a Gauntlet
 13339 | Gauntlet | Found a transporter.
 13347 | Gauntlet | Found a transporter.
 13598 | Gauntlet | Found a transporter.
 13601 | Gauntlet | Found a transporter.
 13607 | Gauntlet | Identified the +1 pair of gloves of the Everdark {-Cast
                  | Regen+ rCorr Str+10}
 13608 | Gauntlet | Found a transporter.
 13626 | Gauntlet | Found a transporter.
 13630 | Gauntlet | Noticed a moth of wrath
 13634 | Gauntlet | Found a transporter.
 13643 | Gauntlet | Identified the ring of Owkadix {Fire Stlth+}
 13644 | Gauntlet | Noticed a quicksilver ooze
 13645 | Gauntlet | Found a transporter.
 13652 | Gauntlet | Found a transporter.
 13652 | Gauntlet | Noticed a moth of wrath
 13669 | Gauntlet | Found a transporter.
 13673 | Gauntlet | Noticed a moth of wrath
 13678 | Gauntlet | Found a transporter.
 13681 | Gauntlet | Found a transporter.
 13695 | Gauntlet | Found a transporter.
 13766 | Gauntlet | Found a transporter.
 13886 | Gauntlet | Reached XP level 12. HP: 35/97 MP: 12/12
 14503 | Gauntlet | Identified the +11 short sword of Kiyd {vorpal, Stlth+}
 14503 | Gauntlet | Identified the +4 scale mail of Oseetyfaixt {Fly rC+
                  | Slay-6}
 14503 | Gauntlet | Noticed a minotaur
 14520 | Gauntlet | Killed a minotaur
 14991 | D:11     | Reached skill level 13 in Maces & Flails
 15002 | D:11     | Noticed a three-headed hydra
 15011 | D:11     | Killed a three-headed hydra
 15936 | D:12     | Reached ***** piety under Ashenzari
 15962 | D:12     | Noticed a deep elf knight
 15999 | D:12     | Killed a deep elf knight
 16000 | D:12     | Reached skill level 1 in Evocations
 16333 | D:12     | Found a staircase to the Orcish Mines.
 16564 | D:12     | Noticed a boulder beetle
 16576 | D:12     | Killed a boulder beetle
 17279 | D:8      | Reached XP level 13. HP: 69/106 MP: 13/13
 17610 | D:3      | Killed passerby's ghost
 17758 | D:5      | Killed Crazy Yiuf
 17931 | D:7      | Killed a centaur warrior
 17945 | D:7      | Killed anet's ghost
 18142 | Lair:1   | Entered Level 1 of the Lair of Beasts
 18145 | Lair:1   | Found a transporter.
 18158 | Lair:1   | Noticed Smoky173's ghost (novice GrEE)
 18166 | Lair:1   | Found a transporter.
 18169 | Lair:1   | Found the ring of the Mage {Wiz Archmagi}
 18214 | Lair:1   | Killed Smoky173's ghost
 18584 | Lair:1   | Noticed Fannar
 18588 | Lair:1   | Noticed a boulder beetle
 18686 | Lair:1   | Killed Fannar
 18910 | Lair:1   | Killed a boulder beetle
 19116 | Lair:1   | Noticed a five-headed hydra
 19142 | Lair:1   | Killed a five-headed hydra
 19933 | Lair:2   | Found a staircase to the Snake Pit.
 20201 | Lair:2   | Reached XP level 14. HP: 108/116 MP: 14/14
 20328 | Lair:2   | Reached skill level 14 in Maces & Flails
 20478 | Lair:2   | Reached skill level 5 in Evocations
 20619 | Lair:2   | Reached skill level 10 in Armour
 20619 | Lair:2   | Reached skill level 10 in Shields
 21050 | Lair:3   | Found a staircase to the Shoals.
 21105 | Lair:3   | Noticed Sonja
 21109 | Lair:3   | Killed Sonja
 21110 | Lair:3   | Reached skill level 1 in Spellcasting
 22217 | Lair:4   | Found a dark tunnel.
 22238 | Volcano  | Entered a volcano
 22702 | Volcano  | Found a bloodstained altar of Trog.
 22828 | Volcano  | Mangled by a salamander

Illustrated notes

Levels and vault maps discovered:
D:1:      dpeg_arrival_three_bigger_balls, layout_loops_ring,
          minmay_strange_pillars, nrook_mini_vaults
D:2:      layout_loops_ring, dreamdust_ecumenical_altar_grove,
          grunt_decor_mini_mirrors, roderic_roman_lattice, minmay_pentomino_o2
D:3:      layout_basic, mainiacjoe_overflow_tiny_flanked,
          ebering_ghost_disaster_area, kennysheep_decorative_pillar,
          kennysheep_cluttered_room
D:4:      layout_basic, lemuel_coloured_pillars_altar,
          nicolae_overflow_crystal_walls, mainiacjoe_overflow_24_doors,
          cheibrodos_sewer_entry_bend
D:5:      layout_basic, minmay_liquid_box, minmay_manual_maat, uniq_eustachio,
          uniq_ijyb, uniq_crazy_yiuf_cottage, uniq_pikel, uniq_prince_ribbit1
D:6:      layout_loops_ring, makhleb_heckhound_becter, uniq_edmund, uniq_maggie
D:7:      kennysheep_steamy, layout_layer_cave, minmay_temple_entry_offerings,
          gammafunk_ghost_arena
D:8:      gammafunk_wand_slinger, layout_cave_pods, david_lair_generic,
          uniq_erica, uniq_psyche
D:9:      layout_cave_pools, mainiacjoe_overflow_boulevard,
          nicolae_overflow_two_pavilions, special_room [special_room_orc]
D:10:     layout_gridville
D:11:     layout_cave_pools, gauntlet_entry_generic, hangedman_ranch
D:12:     layout_loops_corners, orc_0_dummy, chequers_serial_rivers_room_b,
          drop_trap, minivault_21
Temple:   minmay_temple_curvy_branch
Lair:1:   hellmonk_destroyed_diamonds, layout_chaotic_city,
          gammafunk_ghost_berserking_beasts, grunt_megastairs_4, uniq_fannar
Lair:2:   layout_hall_layers, minmay_snake_entry_six_corridors,
          beast_lair_carwin_11
Lair:3:   dpeg_oklob_gauntlet, layout_gridlike, elwin_shoals_entry_rooms,
          lemuel_fruit_tree, infiniplex_staircase_pool, uniq_sonja
Lair:4:   layout_regular_city, nicolae_volcano_entry_lava_flow,
          minmay_stone_trees_small
Volcano:  volcano_lake [vl_original]

Skill      XL: |  1  2  3  4  5  6  7  8  9 10 11 12 13 14 |
---------------+-------------------------------------------+-----
Maces & Flails | 3 4 5 6 8 10 12 13 14 | 14.0
Dodging        | 5 7 10 11 12 | 12.5
Fighting       | 5 7 8 9 |  9.1
Shields        | 5 7 8 9 10 | 10.0
Armour         | 5 7 8 9 10 | 10.0
Evocations     | 2 4 6 |  6.0
Spellcasting   | 2 |  2.5

Action                   |  1- 3 |  4- 6 |  7- 9 | 10-12 | 13-15 || total
-------------------------+-------+-------+-------+-------+-------++-------
Melee: Flail             |   105 |    96 |   199 |   149 |       ||   549
       Dagger            |       |    38 |   117 |       |       ||   155
       Whip              |       |       |    27 |   264 |       ||   291
       Morningstar       |       |       |       |   283 |   433 ||   716
Throw: Stone             |    10 |     8 |       |    14 |       ||    32
       Dart              |       |       |    19 |    34 |     7 ||    60
       Throwing net      |       |       |       |     1 |       ||     1
       Javelin           |       |       |       |       |     4 ||     4
Invok: Curse Item        |       |       |     2 |     7 |     1 ||    10
       Shatter the Chain |       |       |       |     1 |       ||     1
Evoke: Wand              |       |       |     5 |     9 |    20 ||    34
       Box of beasts     |       |       |       |     1 |       ||     1
       Phial of floods   |       |       |       |     1 |       ||     1
       Lightning rod     |       |       |       |       |     4 ||     4
  Use: Scroll            |     8 |     4 |       |     1 |       ||    13
       Potion            |       |       |     2 |     4 |     4 ||    10
 Stab: Invisible         |       |       |     1 |       |       ||     1
Armor: Scale mail        |    25 |       |       |       |       ||    25
       Chain mail        |    37 |    48 |    93 |       |       ||   178
       Plate armour      |       |       |     3 |   173 |   156 ||   332
Dodge: Dodged            |    35 |    27 |   134 |   227 |   111 ||   534
Block: Buckler           |    34 |    48 |   147 |   390 |   246 ||   865
       Reflection        |       |       |     2 |    17 |     7 ||    26

Table legend: (Time is in decaauts)
 A = Elapsed time spent in this place.
 B = Non-inter-level travel time spent in this place.
 C = Inter-level travel time spent in this place.
 D = Time resting spent in this place.
 E = Time spent auto-exploring this place.
 F = Levels seen in this place.
 G = Mean time per level.
                   A        B        C        D        E       F      G
               +--------+--------+--------+--------+--------+-----+--------+
         Total |  22520 |  21359 |   1161 |   5681 |  10141 |  20 | 1126.0 |
       Dungeon |  16083 |  15007 |   1076 |   3761 |   7342 |  12 | 1340.2 |
        Temple |    270 |    266 |      4 |      0 |    265 |   1 |  270.0 |
          Lair |   4015 |   3935 |     80 |   1039 |   2046 |   4 | 1003.8 |
         Sewer |    389 |    389 |      0 |    225 |     15 |   1 |  389.0 |
       Volcano |    584 |    584 |      0 |      0 |    328 |   1 |  584.0 |
      Gauntlet |   1177 |   1177 |      0 |    656 |    144 |   1 | 1177.0 |
               +--------+--------+--------+--------+--------+-----+--------+

Top non-repeatable levels by time:
     D:5: 2012 daAuts
     D:8: 1952 daAuts
  Lair:1: 1629 daAuts
     D:6: 1458 daAuts
     D:9: 1457 daAuts
     D:7: 1382 daAuts
  Lair:3: 1381 daAuts
    D:12: 1307 daAuts
    D:10: 1238 daAuts
    D:11: 1227 daAuts
Gauntlet: 1177 daAuts
     D:4: 1107 daAuts
     D:2: 1082 daAuts
     D:3: 1010 daAuts
  Lair:2: 970 daAuts
